 Dungeon Crawl Stone Soup version 0.18-a0-373-gaf408bd (webtiles) character file.

11537 root the Fighter (level 11, -2/101 HPs)
             Began as a Minotaur Fighter on Nov 30, 2015.
             Was a High Priest of Okawaru.
             Slain by an eight-headed hydra (4 damage)
             ... on level 2 of the Lair of Beasts.
             The game lasted 00:54:09 (11757 turns).

root the Fighter (Minotaur Fighter)                Turns: 11757, Time: 00:54:10

Health: -2/101     AC: 12    Str: 24    XL:     11   Next: 50%
Magic:  10/10      EV:  9    Int:  5    God:    Okawaru [*****.]
Gold:   264        SH: 12    Dex: 10    Spells: 0 memorised, 10 levels left

rFire  + . .     SeeInvis .     a - +0 flail (venom)
rCold  + . .     Clarity  .     I - +2 ring mail {rF+}
rNeg   . . .     SustAt   .     c - +0 shield
rPois  .         Gourm    .     (helmet restricted)
rElec  .         Spirit   .     (no cloak)
rCorr  .         Warding  .     o - +0 pair of gloves
rMut   .         Stasis   .     z - +0 pair of boots
MR     .....                    (no amulet)
Stlth  +.........               Q - +3 ring of slaying
                                N - ring of protection from cold (curse)

@: hasted, very quick, not resistant to hostile enchantments, very unstealthy
A: retaliatory headbutt, horns 2
a: Heroism, Finesse, Renounce Religion


You were on level 2 of the Lair of Beasts.
You worshipped Okawaru.
Okawaru was extremely pleased with you.
You were hungry.

You visited 3 branches of the dungeon, and saw 13 of its levels.

You collected 643 gold pieces.
You spent 379 gold pieces at shops.

Inventory:

Hand Weapons
 a - a +0 flail of venom (weapon)
Armour
 c - a +0 shield (worn)
 i - a +0 scale mail
 o - a +0 pair of gloves (worn)
 z - a +0 pair of boots (worn)
 E - a +0 large shield
 I - a +2 ring mail of fire resistance (worn)
Jewellery
 n - an uncursed ring of wizardry
 p - an uncursed ring of fire
 r - a +6 ring of intelligence {unknown}
 H - an uncursed ring of positive energy
 N - a cursed ring of protection from cold (left hand)
 Q - a +3 ring of slaying (right hand)
Wands
 C - a wand of slowing (29)
 D - a wand of flame (22)
 J - a wand of random effects (40)
 L - a wand of enslavement (8)
 M - a wand of draining (2)
 R - a wand of lightning (6)
Scrolls
 g - 3 scrolls of remove curse
 j - 2 scrolls of immolation {unknown}
 m - 3 scrolls of enchant armour {unknown}
 t - a scroll of identify
 u - 7 scrolls of amnesia {unknown}
 w - 3 scrolls of blinking {unknown}
 x - 3 scrolls of magic mapping {unknown}
 A - 2 scrolls of fog {unknown}
 F - a scroll of acquirement {unknown}
Potions
 b - 3 potions of flight
 k - 2 potions of lignification {unknown}
 l - 3 potions of agility
 s - 2 potions of brilliance
 v - a potion of cancellation
 G - a potion of mutation {unknown}
 K - a potion of poison {unknown}
Books
 y - a book of Enchantments

   Spells                             Type                      Level
   a - Cause Fear                     Hexes                        4
   b - Yara's Violent Unravelling     Hexes/Transmutation          5
   c - Silence                        Hexes/Air                    5
   d - Deflect Missiles               Charms/Air                   6
   e - Haste                          Charms                       6
   f - Discord                        Hexes                        8
 P - a book of Cantrips

   Spells                             Type                      Level
   a - Corona                         Hexes                        1
   b - Animate Skeleton               Necromancy                   1
   c - Summon Small Mammal            Summoning                    1
   d - Apportation                    Translocation                1
Miscellaneous
 O - a phantom mirror
Comestibles
 d - 5 meat rations
 e - 11 bread rations
 f - 14 royal jellies
 h - 5 slices of pizza
 q - 8 chunks of flesh


   Skills:
 + Level 10.5 Fighting
 + Level 9.9 Maces & Flails
 + Level 10.5 Armour
 + Level 10.4 Shields
 + Level 9.3 Unarmed Combat


You had 10 spell levels left.
You didn't know any spells.

Dungeon Overview and Level Annotations

Branches:
Dungeon (10/15)            Temple (1/1) D:6            Lair (2/8) D:9
    Orc: D:9-12

Altars:
Ashenzari
Cheibriados
Dithmenos
Elyvilon
Fedhas
Gozag
Kikubaaqudgha
Makhleb
Nemelex Xobeh
Okawaru
Qazlal
Ru
Sif Muna
Trog
Vehumet
Xom
Yredelemnul
Zin
The Shining One

Shops:
D:8 *:*?   D:9 !


Innate Abilities, Weirdness & Mutations

You reflexively headbutt those who attack you in melee.
You have a pair of horns on your head.


Message History

The eight-headed hydra barely misses you.
You block the eight-headed hydra's attack.
The eight-headed hydra bites you! The eight-headed hydra bites you.
* * * LOW HITPOINT WARNING * * *
The eight-headed hydra bites you.
* * * LOW HITPOINT WARNING * * *
You block the eight-headed hydra's attack.
The eight-headed hydra bites you!
* * * LOW HITPOINT WARNING * * *
The eight-headed hydra bites you.
* * * LOW HITPOINT WARNING * * *
Drink which item? (? for menu, Esc to quit)
You feel yourself speed up.
You block the eight-headed hydra's attack.
The eight-headed hydra barely misses you.
The eight-headed hydra bites you!
* * * LOW HITPOINT WARNING * * *
You block the eight-headed hydra's attack. x3
The eight-headed hydra bites you.
You die...

....# #.#....###.......
##### ###......P.#.......
.#.# ##P.............#...
...#### #....(...#....#.....
..###.###.............P.....
..#..#.............../......
.#...###................#
..##..##.......[...รท.#.#.P.
........#.<....D@..?........
.[...#..............####.#..
.....................#
.....>...............#
...................#P#
.........).......#####
.................#
.............#...#
...............#


You could see an eight-headed hydra.

Vanquished Creatures
  4 spiny frogs
  The ghost of Duffy the Quickloader, a novice KoHu of Trog (D:5)
  A troll (D:9)
  Grinder (D:3)
  A queen bee (Lair:1)
  A spriggan (Lair:1)
  10 yaks (Lair:2)
  A wyvern (D:9)
  2 basilisks
  Grum (D:9)
  3 wolves (D:9)
  2 hippogriffs (Lair:1)
  A steam dragon (D:7)
  A hungry ghost (D:7)
  2 ice beasts (D:5)
  Duvessa (D:6)
  3 water moccasins
  An orc warrior (D:9)
  2 porcupines
  A black bear (D:8)
  4 ogres
  2 sky beasts (D:5)
  3 centaurs
  3 crocodiles
  2 big kobolds
  8 giant frogs
  A gnoll sergeant (D:5)
  Dowan (D:6)
  2 scorpions
  27 killer bees
  10 wights
  A quasit (D:7)
  2 centaur zombies
  A wasp zombie (D:6)
  4 crimson imps
  5 orc priests
  2 giant frog zombies
  2 jellies
  7 orc wizards
  5 hounds
  3 giant frog skeletons
  A centaur skeleton (D:6)
  6 iguanas
  A killer bee zombie (D:8)
  7 sheep (Lair:2)
  10 worker ants
  A worker ant zombie (D:7)
  26 river rats
  14 adders
  3 gnolls (D:5)
  2 shadow imps
  2 adder zombies
  4 worms
  An adder skeleton (D:7)
  5 giant geckos
  23 orcs
  A ball python (D:1)
  10 bats
  10 giant cockroaches
  6 goblins
  5 hobgoblins
  11 jackals
  2 quokkas
  A giant gecko skeleton (D:7)
  A giant gecko zombie (D:8)
  5 giant newts
  A jackal zombie (D:6)
  13 kobolds
  A quokka skeleton (D:5)
  8 rats
  A fungus (D:9)
  8 plants (Lair:1)
325 creatures vanquished.

Vanquished Creatures (others)
  4 fungi
  A plant (Lair:1)
5 creatures vanquished.

Grand Total: 330 creatures vanquished

Notes
Turn   | Place    | Note
--------------------------------------------------------------
     0 | D:1      | root the Minotaur Fighter began the quest for the Orb.
     0 | D:1      | Reached XP level 1. HP: 19/19 MP: 0/0
   207 | D:1      | Reached XP level 2. HP: 18/27 MP: 1/1
   211 | D:1      | Reached skill level 1 in Unarmed Combat
   467 | D:1      | Reached skill level 4 in Armour
   558 | D:2      | Reached XP level 3. HP: 20/33 MP: 2/2
  1067 | D:2      | Reached XP level 4. HP: 38/40 MP: 3/3
  1368 | D:3      | Noticed Grinder
  1385 | D:3      | Killed Grinder
  1385 | D:3      | Reached skill level 5 in Armour
  1385 | D:3      | Reached XP level 5. HP: 34/47 MP: 4/4
  1385 | D:3      | Reached XP level 6. HP: 39/55 MP: 5/5
  1693 | D:3      | Reached skill level 5 in Fighting
  2055 | D:4      | Reached skill level 5 in Shields
  2462 | D:5      | Entered Level 5 of the Dungeon
  2497 | D:5      | Found a glowing silver altar of Zin.
  2584 | D:5      | Reached XP level 7. HP: 61/61 MP: 6/6
  2709 | D:5      | Noticed Duffy's ghost (novice KoHu)
  3015 | D:5      | Reached skill level 5 in Maces & Flails
  3018 | D:5      | Reached skill level 6 in Fighting
  3123 | D:5      | Killed Duffy's ghost
  3123 | D:5      | Reached XP level 8. HP: 58/71 MP: 7/7
  3794 | D:5      | Reached skill level 5 in Unarmed Combat
  3837 | D:6      | Noticed Duvessa
  3837 | D:6      | Noticed Dowan
  3844 | D:6      | Killed Duvessa
  3844 | D:6      | Reached skill level 7 in Fighting
  3866 | D:6      | Killed Dowan
  4562 | D:6      | Reached XP level 9. HP: 51/79 MP: 8/8
  4946 | D:6      | Found a staircase to the Ecumenical Temple.
  4955 | Temple   | Entered the Ecumenical Temple
  5044 | Temple   | Became a worshipper of Warmaster Okawaru
  5660 | D:7      | Reached * piety under Okawaru
  5664 | D:7      | Reached skill level 8 in Fighting
  6623 | D:8      | Found Ytiriatt's Magic Scroll Shoppe.
  6662 | D:8      | Bought a scroll of identify for 26 gold pieces
  6662 | D:8      | Bought a scroll of identify for 26 gold pieces
  6662 | D:8      | Bought a scroll of brand weapon for 260 gold pieces
  6662 | D:8      | Bought a scroll of identify for 26 gold pieces
  6765 | D:8      | Reached ** piety under Okawaru
  6806 | D:8      | Found Cyus's Assorted Antiques.
  7123 | D:8      | Found Roedocog's Distillery.
  7138 | D:8      | Found Jit Emaysikh's Book Shoppe.
  7304 | D:8      | Found Wuazicsi's Assorted Antiques.
  7307 | D:8      | Bought a bubbling purple potion for 19 gold pieces
  7307 | D:8      | Bought a scroll labeled KEMEITWIMPO for 22 gold pieces
  7456 | D:9      | Reached XP level 10. HP: 70/90 MP: 9/9
  7497 | D:9      | Found a staircase to the Lair.
  7591 | D:9      | Found Wupel's Distillery.
  7703 | D:9      | Reached skill level 9 in Shields
  7704 | D:9      | Noticed Grum
  7706 | D:9      | Reached *** piety under Okawaru
  7712 | D:9      | Killed Grum
  8308 | D:10     | Entered Level 10 of the Dungeon
  8944 | Lair:1   | Entered Level 1 of the Lair of Beasts
  9115 | Lair:1   | HP: 3/91 [hippogriff (4)]
  9644 | Lair:1   | Reached **** piety under Okawaru
  9939 | Lair:1   | HP: 3/93 [queen bee (15)]
  9946 | Lair:1   | HP: 2/93 [poisoned by a killer bee]
 10399 | Lair:1   | Reached XP level 11. HP: 91/99 MP: 10/10
 10559 | Lair:1   | Reached skill level 10 in Fighting
 10946 | Lair:2   | Reached skill level 10 in Armour
 10973 | Lair:2   | Reached skill level 10 in Shields
 11207 | Lair:2   | Received a gift from Okawaru
 11224 | Lair:2   | Reached ***** piety under Okawaru
 11751 | Lair:2   | Noticed an eight-headed hydra
 11757 | Lair:2   | HP: 2/101 [eight-headed hydra (7)]
 11757 | Lair:2   | Slain by an eight-headed hydra

Vault maps used:
D:1:      dpeg_arrival_pond, minmay_three_crescents
D:2:      kennysheep_six_static_rooms
D:3:      uniq_grinder
D:4:      first_bread
D:5:      kennysheep_mini_moat
D:6:      temple_doors_a, portal_sewer_entry_d, uniq_duvessa
D:8:      serial_shops, shop, nicolae_shop_statue_plus, shop,
          nicolae_shop_stone, kennysheep_mini, lightli_corner_chamber
D:9:      dpeg_oklobed_lair, serial_shops, shop, uniq_grum
D:10:     zombieorc2_lemuel
Temple:   kilobyte_greek_temple_18
Lair:1:   special_room, minivault_23, st_stairs_8, wad_woods_03

Action                   |  1- 3 |  4- 6 |  7- 9 | 10-12 || total
-------------------------+-------+-------+-------+-------++-------
Melee: Flail             |   130 |   137 |   451 |   497 ||  1215
  Use: Potion            |       |     1 |     1 |     6 ||     8
       Scroll            |       |       |    10 |       ||    10
 Stab: Invisible         |       |       |       |     3 ||     3
  Eat: Chunk             |     1 |     5 |    17 |    13 ||    36
       Beef jerky        |       |       |       |     1 ||     1
